 Dungeon Crawl Stone Soup version 0.31-a0-175-g9f7f995f2b (webtiles) character file.

Game seed: 4685375232957055490

149 qw the Shooter (level 5, 0/49 HPs)
             Began as a Naga Hunter on June 17, 2023.
             Slain by a water moccasin (7 damage)
             ... on level 4 of the Dungeon.
             The game lasted 00:00:52 (2654 turns).

qw the Shooter (Naga Hunter)                        Turns: 2654, Time: 00:00:53

Health: 0/49       AC:  6    Str: 13    XL:     5   Next: 31%
Magic:  5/5        EV:  9    Int: 10    God:
Gold:   255        SH:  5    Dex: 16    Spells: 4/4 levels left

rFire   . . .        Y - +0 shortbow
rCold   . . .        (shield currently unavailable)
rNeg    . . .        c - +0 leather armour
rPois   +            a - +2 helmet
rElec   .            (no cloak)
rCorr   .            (no gloves)
SInv    +            (no barding)
Will    +....        b - amulet of reflection
Stlth   ++           e - ring of willpower
HPRegen 0.28/turn    (no ring)
MPRegen 0.09/turn

%: reflection
@: lethally poisoned (0 -> -4), very slow
A: AC +1, large, see invisible, deformed body, poison resistance, slowness 2,
spit poison 1, naga tail 1
a: Spit Poison


You were on level 4 of the Dungeon.
You visited 1 branch of the dungeon, and saw 4 of its levels.

You collected 255 gold pieces.


Innate Abilities, Weirdness & Mutations

Your serpentine skin is tough. (AC +1)
You have supernaturally acute eyesight. (SInv)
Armour fits poorly on your strangely shaped body.
Your system is resistant to poisons. (rPois)
You cover ground very slowly.
You can spit poison.
You have a snake-like lower body.


   Skills:
 - Level 3.4 Fighting
 + Level 5.2 Ranged Weapons
 - Level 1.5 Dodging
 - Level 1.5 Stealth


You had 4 spell levels left.
You didn't know any spells.
Your spell library was empty.

Inventory:

Hand Weapons
 Y - a +0 shortbow (weapon)
Armour
 a - a +2 helmet (worn)
 c - a +0 leather armour (worn)
Jewellery
 b - an amulet of reflection (around neck)
 e - a ring of willpower (left hand)
Wands
 i - a wand of digging (6)
Scrolls
 j - 2 scrolls of poison {unknown}
Potions
 d - a potion of might {unknown}
 f - a potion of enlightenment {unknown}
 g - 3 potions of haste {unknown}
 h - 2 potions of curing
 k - a potion of berserk rage {unknown}
 l - a potion of cancellation {unknown}
 m - a potion of degeneration {unknown}

Dungeon Overview and Level Annotations

Branches:
Dungeon (4/15)
 Temple: D:4-7

Altars:


Message History

You shoot an arrow.
The arrow hits the water moccasin but does no damage.
The water moccasin is moderately wounded.
You block the water moccasin's attack.
You shoot an arrow.
The arrow barely misses the water moccasin.
The water moccasin bites you. You block the water moccasin's attack.
You shoot an arrow.
The arrow closely misses the water moccasin.
The water moccasin bites you! The water moccasin closely misses you.
You shoot an arrow. The arrow misses the water moccasin.
The water moccasin bites you!
You shoot an arrow.
The arrow closely misses the water moccasin.
The water moccasin bites you.
You are poisoned.
The water moccasin poisons you! The water moccasin bites you.
You shoot an arrow.
The arrow barely misses the water moccasin.
You feel very sick. The water moccasin closely misses you.
You shoot an arrow. The arrow hits the water moccasin.
The water moccasin is moderately wounded.
You feel very sick. The water moccasin closely misses you.
You block the water moccasin's attack.
You shoot an arrow. The arrow hits the water moccasin!
The water moccasin is heavily wounded.
You feel very sick. You block the water moccasin's attack.
The water moccasin bites you.
You shoot an arrow. The arrow hits the water moccasin!
The water moccasin is almost dead.
You feel sick.
You block the water moccasin's attack. x2
You shoot an arrow. The arrow hits the water moccasin.
The water moccasin is almost dead.
You feel sick. The water moccasin barely misses you.
You shoot an arrow. The arrow hits the water moccasin.
The water moccasin is almost dead.
You feel sick. The water moccasin barely misses you.
The water moccasin bites you!
You die...

#)# ##..#####.#
..########...#.....#
....#...~/....~...##
###....~~.....~...####
#~~~~.~~~~~~.~~~~~~~~#
~~~~~~~~~~~~~~~~~~~##
~##..).~..~.......##
~#...........~....#
###<.~.~~....~#@##
.....#####...S..$....
#....# #........... ##
#.......##..
.........# #.........~
###..<....#~
#.......##~


You could see a water moccasin.

Vanquished Creatures
  A hound (D:3)
  5 adders
  2 worms (D:4)
  2 dart slugs (D:1)
  7 orcs
  3 ball pythons
  2 endoplasms
  3 giant cockroaches
  3 goblins
  4 hobgoblins
  3 jackals (D:1)
  2 quokkas (D:3)
  10 bats
  2 frilled lizards
  4 kobolds
  5 rats
58 creatures vanquished.

Notes
Turn   | Place    | Note
-------+----------+-------------------------------------------
     0 | D:1      | qw the Naga Hunter began the quest for the Orb.
     0 | D:1      | Reached XP level 1. HP: 19/19 MP: 1/1
     0 | D:1      | 0 ||| qw: Version: 0.3-a-2-g5ab2908
     0 | D:1      | 0 ||| qw: Game counter: 323
     0 | D:1      | 0 ||| qw: Always use a shield: true
     0 | D:1      | 0 ||| qw: God list: Okawaru
     0 | D:1      | 0 ||| qw: Allow faded altars: false
     0 | D:1      | 0 ||| qw: Do Orc after D:15 true
     0 | D:1      | 0 ||| qw: Do second Lair branch before Depths: true
     0 | D:1      | 0 ||| qw: Lair rune preference: random
     0 | D:1      | 0 ||| qw: Plans: Normal
     0 | D:1      | 0 ||| PLANNING D:1-11
    19 | D:1      | 19 ||| INVOKING Spit Poison.
    26 | D:1      | 26 ||| INVOKING Spit Poison.
    29 | D:1      | 29 ||| INVOKING Spit Poison.
    36 | D:1      | 36 ||| INVOKING Spit Poison.
    50 | D:1      | 50 ||| INVOKING Spit Poison.
    60 | D:1      | 60 ||| INVOKING Spit Poison.
    64 | D:1      | 64 ||| INVOKING Spit Poison.
    68 | D:1      | 68 ||| INVOKING Spit Poison.
    69 | D:1      | Reached skill level 4 in Ranged Weapons
    69 | D:1      | Reached XP level 2. HP: 24/26 MP: 2/2
   157 | D:1      | 157 ||| INVOKING Spit Poison.
   167 | D:1      | 167 ||| INVOKING Spit Poison.
   181 | D:1      | 181 ||| INVOKING Spit Poison.
   195 | D:1      | 195 ||| INVOKING Spit Poison.
   198 | D:1      | 198 ||| INVOKING Spit Poison.
   203 | D:1      | 203 ||| INVOKING Spit Poison.
   269 | D:1      | 269 ||| INVOKING Spit Poison.
   298 | D:1      | 298 ||| INVOKING Spit Poison.
   299 | D:1      | Reached XP level 3. HP: 32/32 MP: 3/3
   472 | D:1      | 472 ||| UPGRADING to ring of willpower.
   473 | D:1      | 473 ||| READING 2 scrolls labelled HUSTOT AGESUGG.
   474 | D:1      | 474 ||| READING scroll labelled BAANYH YXURA.
   475 | D:1      | 475 ||| DROPPING scroll of vulnerability.
   476 | D:1      | 476 ||| DROPPING scroll of butterflies.
   498 | D:2      | 498 ||| INVOKING Spit Poison.
   520 | D:2      | 520 ||| INVOKING Spit Poison.
   612 | D:2      | 612 ||| INVOKING Spit Poison.
   685 | D:2      | 685 ||| INVOKING Spit Poison.
   741 | D:2      | 741 ||| INVOKING Spit Poison.
   767 | D:2      | 767 ||| INVOKING Spit Poison.
   772 | D:2      | 772 ||| INVOKING Spit Poison.
   800 | D:2      | 800 ||| INVOKING Spit Poison.
   805 | D:2      | Identified the +6 dagger of Cheibriados's Pride {venom,
                  | Drain rC+ Int+7 Dex+2}
   847 | D:2      | 847 ||| INVOKING Spit Poison.
   859 | D:2      | 859 ||| INVOKING Spit Poison.
  1292 | D:2      | 1292 ||| UPGRADING to +2 helmet.
  1297 | D:2      | 1297 ||| READING scroll labelled QAOK QEASAZXI.
  1332 | D:3      | 1332 ||| INVOKING Spit Poison.
  1335 | D:3      | Reached skill level 5 in Ranged Weapons
  1335 | D:3      | Reached XP level 4. HP: 39/39 MP: 4/4
  1398 | D:3      | 1398 ||| INVOKING Spit Poison.
  1403 | D:3      | 1403 ||| INVOKING Spit Poison.
  1440 | D:3      | 1440 ||| INVOKING Spit Poison.
  1450 | D:3      | 1450 ||| INVOKING Spit Poison.
  1514 | D:3      | 1514 ||| INVOKING Spit Poison.
  1526 | D:3      | 1526 ||| INVOKING Spit Poison.
  1562 | D:3      | 1562 ||| INVOKING Spit Poison.
  1573 | D:3      | 1573 ||| INVOKING Spit Poison.
  1628 | D:3      | 1628 ||| INVOKING Spit Poison.
  1655 | D:3      | 1655 ||| INVOKING Spit Poison.
  1672 | D:3      | 1672 ||| INVOKING Spit Poison.
  1786 | D:3      | 1786 ||| INVOKING Spit Poison.
  1875 | D:3      | 1875 ||| INVOKING Spit Poison.
  2249 | D:3      | 2249 ||| UPGRADING to amulet of reflection.
  2254 | D:3      | 2254 ||| DROPPING ring of flight.
  2255 | D:3      | 2255 ||| READING scroll labelled FEW SIAHEWK.
  2256 | D:3      | 2256 ||| READING scroll labelled ZANONL LELO.
  2257 | D:3      | 2257 ||| READING scroll labelled FAKHLU VAXTISCHE.
  2258 | D:3      | 2258 ||| DRINKING 3 viscous grey potions.
  2297 | D:4      | 2297 ||| INVOKING Spit Poison.
  2300 | D:4      | 2300 ||| STAIRDANCE
  2302 | D:3      | 2302 ||| INVOKING Spit Poison.
  2309 | D:3      | 2309 ||| INVOKING Spit Poison.
  2313 | D:3      | Reached skill level 3 in Fighting
  2313 | D:3      | Reached XP level 5. HP: 16/49 MP: 5/5
  2314 | D:3      | 2314 ||| INVOKING Spit Poison.
  2448 | D:4      | 2448 ||| INVOKING Spit Poison.
  2494 | D:4      | 2494 ||| INVOKING Spit Poison.
  2546 | D:4      | 2546 ||| INVOKING Spit Poison.
  2550 | D:4      | 2550 ||| INVOKING Spit Poison.
  2557 | D:4      | 2557 ||| INVOKING Spit Poison.
  2562 | D:4      | 2562 ||| INVOKING Spit Poison.
  2566 | D:4      | 2566 ||| INVOKING Spit Poison.
  2572 | D:4      | 2572 ||| INVOKING Spit Poison.
  2577 | D:4      | 2577 ||| INVOKING Spit Poison.
  2581 | D:4      | 2581 ||| INVOKING Spit Poison.
  2639 | D:4      | Noticed a water moccasin
  2651 | D:4      | HP: 10/49 [water moccasin (4)]
  2654 | D:4      | Slain by a water moccasin

Levels and vault maps discovered:
D:1:      pf_arrival_petrified_forest, layout_basic
D:2:      layout_basic, serial_forest, infiniplex_forest_lined_3_way,
          infiniplex_forest_straight_3, infiniplex_forest_lined_2,
          infiniplex_forest_end_2, infiniplex_forest_straight_3,
          infiniplex_forest_lined_2, infiniplex_forest_clump_curved
D:3:      layout_basic, minmay_misc_feat_x, kennysheep_generic_room_7
D:4:      layout_rooms, serial_rivers, chequers_serial_rivers_marsh,
          chequers_serial_rivers_micro_d, chequers_serial_rivers_small_a,
          chequers_serial_rivers_small_3, kennysheep_minor_cross, uniq_menkaure

Skill      XL: |  1  2  3  4 |
---------------+-------------+-----
Ranged Weapons | 4 5 |  5.2
Fighting       | 3 |  3.4
Dodging        | |  1.5
Stealth        | |  1.5

Action                     |  1- 3 |  4- 6 || total
---------------------------+-------+-------++-------
   Fire: Shortbow          |    54 |    74 ||   128
Ability: Spit Poison       |    27 |    27 ||    54
    Use: Scroll            |     3 |     3 ||     6
         Potion            |       |     1 ||     1
 Armour: Leather armour    |     7 |    21 ||    28
  Dodge: Dodged            |    13 |    17 ||    30
  Block: Other             |       |    14 ||    14

Table legend:
 A = Non-vault XP
 B = Vault XP
 C = Vault XP percentage of total XP
 D = Non-vault monster count
 E = Vault monster count
 F = Vault count percentage of total count
                 A         B        C        D         E       F
            +---------+---------+-------+---------+---------+-------
      Total |     205 |       9 |   4.2 |      54 |       4 |   6.9
            +---------+---------+-------+---------+---------+-------
        D:1 |      34 |       0 |   0.0 |      19 |       0 |   0.0
        D:2 |      41 |       0 |   0.0 |      11 |       0 |   0.0
        D:3 |     102 |       9 |   8.1 |      15 |       4 |  21.1
        D:4 |      28 |       0 |   0.0 |       9 |       0 |   0.0
            +---------+---------+-------+---------+---------+-------
